 Dungeon Crawl Stone Soup version 0.29.1-1-gd02db6906a (webtiles) character file.

Game seed: 1746232321728946146

639 Demigod47 the Covered (level 7, -1/60 HPs)
             Began as a Minotaur Fighter on Oct 7, 2022.
             Slain by an iguana (7 damage)
             ... on level 5 of the Dungeon.
             The game lasted 00:06:48 (4169 turns).

Demigod47 the Covered (Minotaur Fighter)            Turns: 4169, Time: 00:06:49

Health: -1/60      AC:  8    Str: 29    XL:     7   Next: 26%
Magic:  6/6        EV: 10    Int:  5    God:
Gold:   147        SH:  4    Dex:  9    Spells: 6/6 levels left

rFire   . . .      SeeInvis .   a - +0 flail
rCold   . . .      Faith    .   c - +0 buckler
rNeg    . . .      Spirit   .   b - +0 scale mail
rPois   .          Reflect  .   (helmet restricted)
rElec   .          Harm     .   (no cloak)
rCorr   .          Rampage  .   q - +0 pair of gloves
Will    .....                   (no boots)
Stlth   ..........              (no amulet)
HPRegen 0.20/turn               j - +6 ring of strength
MPRegen 0.10/turn               (no ring)

@: no status effects
A: horns 2, retaliatory headbutt
a: no special abilities


You were on level 5 of the Dungeon.
You visited 2 branches of the dungeon, and saw 6 of its levels.

You collected 147 gold pieces.

Inventory:

Hand Weapons
 a - a +0 flail (weapon)
Armour
 b - a +0 scale mail (worn)
 c - a +0 buckler (worn)
 i - a +3 leather armour of cold resistance
 q - a +0 pair of gloves (worn)
Jewellery
 j - a +6 ring of strength (left hand)
Wands
 d - a wand of flame (10)
 e - a wand of mindburst (7)
Scrolls
 f - 2 scrolls of noise
 g - 3 scrolls of vulnerability
 h - 2 scrolls of enchant armour {unknown}
 k - 2 scrolls of brand weapon
 l - a scroll of amnesia
 n - a scroll of acquirement {unknown}
 o - a scroll of blinking
 p - a scroll of poison {unknown}
 r - a scroll of immolation
Potions
 m - a potion of curing


   Skills:
 + Level 4.8 Fighting
 + Level 6.1 Maces & Flails
 + Level 6.2 Armour
 + Level 2.4 Dodging
 + Level 0.4 Stealth
 + Level 4.8 Shields


You had 6 spell levels left.
You didn't know any spells.
Your spell library contained the following spells:

 Spells                   Type           Power      Damage    Failure   Level
 Apportation              Tloc           0%         N/A       80%         1
 Necrotise                Necr           0%         1d4       80%         1
 Summon Small Mammal      Summ           0%         N/A       80%         1
 Call Canine Familiar     Summ           0%         N/A       99%         3
 Ignite Poison            Fire/Tmut/Pois 0%         N/A       99%         3
 Mephitic Cloud           Conj/Pois/Air  0%         N/A       99%         3
 Summon Guardian Golem    Hex/Summ       0%         N/A       99%         3
 Vampiric Draining        Necr           0%         2d6       99%         3
 Agony                    Necr           0%         N/A       100%        5
 Alistair's Intoxication  Tmut/Pois      0%         N/A       100%        5
 Blade Hands              Tmut           0%         N/A       100%        5
 Freezing Cloud           Conj/Ice/Air   0%         6-21      100%        5
 Irradiate                Conj/Tmut      0%         3d11      100%        5
 Dragon Form              Tmut           0%         N/A       100%        7


Dungeon Overview and Level Annotations

Branches:
Dungeon (5/15)             Temple (1/1) D:4

Altars:
Fedhas
Nemelex Xobeh
Qazlal
Sif Muna
Trog
Zin
The Shining One


Innate Abilities, Weirdness & Mutations

You have a pair of horns on your head.
You reflexively headbutt those who attack you in melee.


Message History

You feel sick.
You see here a scorpion corpse.
You feel sick.
You feel sick.
A shadow imp comes into view.
You feel sick.
The shadow imp shouts!
You hear an angry hiss.
You feel sick.
An ogre comes into view. It is wielding a +0 giant spiked club.
You see here a scroll of identify.
You feel sick.
The ogre shouts!
You feel sick.
You are no longer poisoned.
The shadow imp gestures at you.
You struggle to resist.
You closely miss the shadow imp.
The shadow imp hits you but does no damage.
An iguana comes into view.
The iguana hisses angrily.
You sock the shadow imp!
The shadow imp is almost dead.
The shadow imp barely misses you.
You hit the shadow imp but do no damage.
The shadow imp is almost dead.
You block the ogre's attack. The shadow imp gestures at you.
Pain shoots through your body!
You barely miss the shadow imp. You headbutt the shadow imp.
You kill the shadow imp!
The ogre hits you with a +0 giant spiked club!!
You block the ogre's attack. The ogre closely misses you.
You furiously retaliate!
You headbutt the ogre. The ogre attacks as you move away!
The ogre hits you with a +0 giant spiked club!!
* * * LOW HITPOINT WARNING * * *
Okay, then.
You closely miss the iguana. Your headbutt misses the iguana.
The iguana bites you!
You die...

#.........
#........P#
#.?#####.P#
#..# ##..#
#..# #...#
#..# #..P#
#.†# #..#
#..####..#
#.Ol@....#
#####.#..#
#.
#.#..#+##..
#.
#.#........#
#.
#.#..PP....#
#.
#..#.####..+
#. #.##.#
#..## #.
##.#.# +...#
#.
##..####...+
#.


You could see an ogre and an iguana.

Vanquished Creatures
  Eustachio (D:4)
  An ogre (D:4)
  2 scorpions
  2 orc priests
  2 orc wizards (D:5)
  7 adders
  A shadow imp (D:5)
  A white imp (D:5)
  An ufetubus (D:5)
  2 dart slugs
  10 orcs
  4 endoplasms
  3 giant cockroaches
  7 goblins
  6 hobgoblins
  6 jackals
  4 kobolds
  2 quokkas
  7 ball pythons
  9 bats
  2 frilled lizards
  5 rats
85 creatures vanquished.

Vanquished Creatures (others)
  An orc wizard (D:5)
  5 plants (D:4)
6 creatures vanquished.

Grand Total: 91 creatures vanquished

Notes
Turn   | Place    | Note
-------+----------+-------------------------------------------
     0 | D:1      | Demigod47 the Minotaur Fighter began the quest for the Orb.
     0 | D:1      | Reached XP level 1. HP: 19/19 MP: 0/0
    53 | D:1      | Found a faded altar of an unknown god.
   494 | D:1      | Reached XP level 2. HP: 27/27 MP: 1/1
  1285 | D:2      | Reached XP level 3. HP: 32/32 MP: 2/2
  1789 | D:3      | Noticed a scorpion
  1799 | D:3      | Killed a scorpion
  1800 | D:3      | Reached XP level 4. HP: 17/40 MP: 3/3
  2305 | D:4      | Found a staircase to the Ecumenical Temple.
  2327 | Temple   | Entered the Ecumenical Temple
  2483 | D:4      | Reached XP level 5. HP: 47/47 MP: 4/4
  2649 | D:4      | Noticed an ogre
  2658 | D:4      | Killed an ogre
  2659 | D:4      | Reached skill level 5 in Maces & Flails
  2659 | D:4      | Reached skill level 1 in Dodging
  2662 | D:4      | Reached XP level 6. HP: 21/53 MP: 5/5
  2980 | D:4      | Noticed Eustachio
  3006 | D:4      | Killed Eustachio
  3007 | D:4      | Reached skill level 5 in Armour
  3796 | D:5      | Entered Level 5 of the Dungeon
  3880 | D:5      | Reached XP level 7. HP: 17/60 MP: 6/6
  4169 | D:5      | Slain by an iguana

Illustrated notes

Levels and vault maps discovered:
D:1:      psy_arrival_radial02, layout_basic, chequers_ecumenical_altar_simple
D:2:      layout_basic
D:3:      minmay_razor_zed, layout_basic, mainiacjoe_overflow_tiny_flanked,
          lemuel_coloured_pillars_altar
D:4:      layout_gridville, minmay_temple_entry_slanted,
          guppyfry_early_lair_pool, uniq_eustachio
D:5:      corexii_shack_village, layout_loops_ring, mainiacjoe_overflow_catwalk,
          mainiacjoe_overflow_cross_hatched, roderic_lattice_a,
          hellmonk_bongcloud_opening, uniq_menkaure, uniq_edmund
Temple:   nicolae_temple_superstar

Skill      XL: |  1  2  3  4  5  6  7 |
---------------+----------------------+-----
Armour         | 4 5 6 |  6.2
Shields        | 4 |  4.8
Fighting       | 4 |  4.8
Maces & Flails | 3 4 5 6 |  6.1
Dodging        | 1 2 |  2.4
Stealth        | |  0.4

Action                   |  1- 3 |  4- 6 |  7- 9 || total
-------------------------+-------+-------+-------++-------
Melee: Flail             |    89 |   119 |    17 ||   225
       Headbutt          |    17 |    15 |     2 ||    34
  Use: Potion            |       |     9 |       ||     9
       Scroll            |       |     6 |       ||     6
Armor: Scale mail        |    67 |    69 |     8 ||   144
Dodge: Dodged            |    51 |    68 |     4 ||   123
Block: Buckler           |    33 |    32 |     7 ||    72
